 Dungeon Crawl Stone Soup version 0.28-a0-172-g787e458d71 (webtiles) character file.

Game seed: 958183801711415572

179 xlow the Slasher (level 5, -5/42 HPs)
             Began as a Demonspawn Berserker on Aug 16, 2021.
             Was a Believer of Trog.
             Slain by an ogre (16 damage)
             ... on level 4 of the Dungeon.
             The game lasted 00:15:27 (3627 turns).

xlow the Slasher (Demonspawn Berserker)             Turns: 3627, Time: 00:15:28

Health: -5/42      AC: 10    Str: 18      XL:     5   Next: 33%
Magic:  5/5        EV: 10    Int:  9      God:    Trog [**....]
Gold:   131        SH:  0    Dex: 15 (18) Spells: 4/4 levels left

rFire   . . .      SeeInvis .   s - +1 long sword
rCold   . . .      Faith    .   (no shield)
rNeg    . . .      Spirit   .   r - +0 scale mail
rPois   .          Reflect  .   (no helmet)
rElec   .          Harm     .   (no cloak)
rCorr   .          Rampage  .   (no gloves)
Will    .....                   (no boots)
Stlth   +++.......              (no amulet)
HPRegen 0.14/turn               e - +4 ring of protection
MPRegen 0.09/turn               (no ring)

@: no status effects
A: thin skeletal structure 3, demonic magic 1
a: Renounce Religion, Berserk, Trog's Hand


You were on level 4 of the Dungeon.
You worshipped Trog.
Trog was pleased with you.
You visited 1 branch of the dungeon, and saw 4 of its levels.

You collected 131 gold pieces.

Inventory:

Hand Weapons
 a - a +0 falchion
 m - a +0 war axe
 s - a +1 long sword (weapon)
Armour
 b - a +0 animal skin
 c - a +0 ring mail
 r - a +0 scale mail (worn)
Jewellery
 e - a +4 ring of protection (left hand)
 h - a ring of flight
 p - a +6 ring of intelligence
Scrolls
 d - 4 scrolls of identify
 f - a scroll of noise
 i - a scroll of fog
Potions
 l - 3 potions of haste {unknown}
 o - a potion of degeneration {unknown}


   Skills:
 + Level 3.9 Fighting
 + Level 4.1 Long Blades
 + Level 2.5 Armour
 + Level 2.4 Dodging
 + Level 0.3 Stealth


You had 4 spell levels left.
You didn't know any spells.
Your spell library contained the following spells:

 Spells                   Type           Power      Damage    Failure   Level
 Animate Skeleton         Necr           0%         N/A       78%         1
 Apportation              Tloc           0%         N/A       78%         1
 Corona                   Hex            0%         N/A       78%         1
 Summon Small Mammal      Summ           0%         N/A       78%         1


Dungeon Overview and Level Annotations

Branches:
Dungeon (4/15)
 Temple: D:4-7

Altars:
Makhleb

Annotations:
D:4 Eustachio


Innate Abilities, Weirdness & Mutations

You have an unnaturally thin skeletal structure. (Dex +6, Stealth+++)
Spells you cast may paralyse adjacent enemies.


Message History

The quokka bites you but does no damage.
The quokka completely misses you.
The quasit bites you but does no damage.
The quasit closely misses you. The quasit claws you.
The rat closely misses you.
You riposte.
You slash the rat!
You kill the rat!
The rat's corpse disappears in a puff of smoke!
The quokka bites you but does no damage.
The quasit closely misses you.
The quasit claws you but does no damage.
The quasit barely misses you. The quokka bites you.
* * * LOW HITPOINT WARNING * * *
The quokka misses you.
You riposte.
You hit the quokka.
You kill the quokka!
The quokka's corpse disappears in a puff of smoke!
The quasit closely misses you.
The quasit claws you but does no damage.
The quasit barely misses you.
Your surroundings suddenly seem different.
An ogre comes into view. It is wielding a +0 giant club.
Found 18 stones.
A hobgoblin comes into view.
The hobgoblin moves out of view.
You start resting.
You feel yourself speed up.
You start resting.
You recover from your berserk rage.
You start resting.
An ogre is nearby!
Found 17 gold pieces.
The ogre barely misses you.
You hit the ogre.
The ogre is lightly wounded.
The ogre hits you with a +0 giant club!!
Ouch! That really hurt!
* * * LOW HITPOINT WARNING * * *
You hit the ogre.
The ogre is moderately wounded.
The ogre hits you with a +0 giant club!
You die...

#.........# #.........#
#.........#
...##........ #...
#......# ###...
.$...#####. . #.....
####......... ..## ##...
#O@.......... ...###...#
#.###........
.#.....#.###.##.#
#.######.
..###.........#.###'####
#...<....######.........
...#...#.######.........
.....................(..
...####.......##........
..............##........


You could see an ogre.

Vanquished Creatures
  A centaur zombie (D:4)
  A hound (D:3)
  3 adders (D:2)
  An adder skeleton (D:2)
  3 dart slugs
  4 worms
  An orc (D:3)
  4 ball pythons
  4 bats
  8 endoplasms
  4 giant cockroaches
  7 goblins
  6 hobgoblins
  4 jackals (D:1)
  4 kobolds
  2 quokkas
  5 frilled lizards
  4 rats
66 creatures vanquished.

Notes
Turn   | Place    | Note
-------+----------+-------------------------------------------
     0 | D:1      | xlow the Demonspawn Berserker began the quest for the Orb.
     0 | D:1      | Reached XP level 1. HP: 18/18 MP: 1/1
   452 | D:1      | Gained mutation: You have a somewhat thin skeletal
                  | structure. (Dex +2, Stealth+) [demonic ancestry]
   452 | D:1      | Reached XP level 2. HP: 21/24 MP: 2/2
   497 | D:1      | Reached skill level 3 in Long Blades
  1220 | D:1      | Gained mutation: Spells you cast may paralyse adjacent
                  | enemies. [demonic ancestry]
  1220 | D:1      | Reached XP level 3. HP: 26/29 MP: 3/3
  1879 | D:2      | Reached ** piety under Trog
  2003 | D:2      | Gained mutation: You have a moderately thin skeletal
                  | structure. (Dex +4, Stealth++) [demonic ancestry]
  2003 | D:2      | Reached XP level 4. HP: 36/37 MP: 4/4
  2789 | D:3      | Found a burning altar of Makhleb.
  2864 | D:3      | Reached skill level 4 in Long Blades
  2892 | D:3      | Found a faded altar of an unknown god.
  2954 | D:3      | Gained mutation: You have an unnaturally thin skeletal
                  | structure. (Dex +6, Stealth+++) [demonic ancestry]
  2954 | D:3      | Reached XP level 5. HP: 41/42 MP: 5/5
  3448 | D:4      | Noticed Eustachio
  3474 | D:4      | Noticed an ogre
  3627 | D:4      | Slain by an ogre

Illustrated notes

Levels and vault maps discovered:
D:1:      minmay_arrival_widening_spiral_narrow, layout_basic
D:2:      layout_basic, minmay_indecisive_spiral
D:3:      layout_loops_ring, bloody_makhleb, ebering_ecumenical_altar_petrified
D:4:      cheibrodos_greedy_goblins, layout_basic, amcnicky_altar_gilded,
          grunt_qazlal_sundering, uniq_eustachio

Skill      XL: |  1  2  3  4 |
---------------+-------------+-----
Long Blades    | 3 4 |  4.1
Armour         | 2 |  2.5
Dodging        | 2 |  2.4
Fighting       | |  3.9
Stealth        | |  0.3

Action                   |  1- 3 |  4- 6 || total
-------------------------+-------+-------++-------
Melee: Falchion          |   127 |    98 ||   225
       Long sword        |       |    22 ||    22
Invok: Berserk           |     2 |     3 ||     5
  Use: Scroll            |       |     8 ||     8
 Stab: Sleeping          |       |     2 ||     2
Armor: Ring mail         |    58 |    42 ||   100
       Scale mail        |       |    45 ||    45
Dodge: Dodged            |    87 |    92 ||   179
       Rpst.: Falchion   |    22 |    13 ||    35
       Long sword        |       |    12 ||    12

Table legend: (Time is in decaauts)
 A = Elapsed time spent in this place.
 B = Non-inter-level travel time spent in this place.
 C = Inter-level travel time spent in this place.
 D = Time resting spent in this place.
 E = Time spent auto-exploring this place.
 F = Levels seen in this place.
 G = Mean time per level.
                   A        B        C        D        E       F      G
               +--------+--------+--------+--------+--------+-----+--------+
         Total |   3708 |   3603 |    105 |   1059 |    830 |   4 |  927.0 |
       Dungeon |   3708 |   3603 |    105 |   1059 |    830 |   4 |  927.0 |
               +--------+--------+--------+--------+--------+-----+--------+

Top non-repeatable levels by time:
     D:1: 1528 daAuts
     D:2: 1053 daAuts
     D:3: 899 daAuts
     D:4: 226 daAuts
